 Dungeon Crawl Stone Soup version 0.23-a0-49-gd9f7a49 (webtiles) character file.

85 Amnesiac the Digger (level 4, -1/30 HPs)
             Began as a Mummy Earth Elementalist on Aug 6, 2018.
             Was a Follower of Vehumet.
             Killed by divine providence
             ... invoked by an orc priest
              (13 damage)
             ... on level 3 of the Dungeon.
             The game lasted 00:03:46 (2342 turns).

Amnesiac the Digger (Mummy Earth Elementalist)      Turns: 2342, Time: 00:03:47

Health: -1/30      AC:  2    Str: 11    XL:     4   Next: 25%
Magic:  3/9        EV: 12    Int: 15    God:    Vehumet [*.....]
Gold:   180        SH:  0    Dex: 12    Spells: 4/10 levels left

rFire    x . .     SeeInvis .   a - +0 spear
rCold    + . .     Gourm    .   (no shield)
rNeg     + + +     Faith    .   c - +0 robe
rPois    ∞         Spirit   .   (no helmet)
rElec    .         Reflect  .   (no cloak)
rCorr    .         Harm     .   (no gloves)
MR       .....                  (no boots)
Stlth    ++........             (no amulet)
HPRegen  0.10/turn              (no ring)
MPRegen  0.11/turn              (no ring)

@: very slightly contaminated
A: no food or potions, fire vulnerability, cold resistance 1, negative energy
resistance 3, torment resistance, unbreathing
a: Renounce Religion


You were on level 3 of the Dungeon.
You worshipped Vehumet.
Vehumet was aware of your devotion.
You were not hungry.

You visited 1 branch of the dungeon, and saw 3 of its levels.

You collected 180 gold pieces.

Inventory:

Hand Weapons
 a - a +0 spear (weapon)
 i - a +2 whip of flaming
Missiles
 b - 112 stones (quivered)
Armour
 c - a +0 robe (worn)
 h - a +0 cloak
 j - a +0 shield
 l - a +0 buckler
Scrolls
 d - a scroll of teleportation {!r}
 e - 3 scrolls of magic mapping {!r, unknown}
 f - 3 scrolls of identify {!r}
 g - a scroll of immolation {!r}
 k - a scroll of enchant weapon {!r}


   Skills:
 - Level 1.5 Dodging
 - Level 1.5 Stealth
 + Level 3.7 Spellcasting
 - Level 0.7 Transmutations
 * Level 3.8 Earth Magic


You had 4 spell levels left.
You knew the following spells:

 Your Spells              Type           Power        Failure   Level  Hunger
a - Sandblast             Erth           ##....       3%          1    N/A
b - Passwall              Tmut/Erth      #.......     11%         2    N/A
c - Stone Arrow           Conj/Erth      #.....       26%         3    N/A

Your spell library contained the following spells:

 Spells                   Type           Power        Failure   Level  Hunger
 Lee's Rapid Deconstruct  Erth           ##........   71%         5    N/A
 Petrify                  Tmut/Erth      #.......     58%         4    N/A

Dungeon Overview and Level Annotations

Branches:
Dungeon (3/15)

Altars:
Okawaru
Ru
Vehumet
Wu Jian
Yredelemnul


Innate Abilities, Weirdness & Mutations

You do not eat or drink.
Your flesh is vulnerable to fire.
You are immune to poison.
Your flesh is cold resistant. (rC+)
You are immune to negative energy. (rN+++)
You are immune to unholy pain and torment.
You can survive without breathing.


Message History

Found a sedimented silvery potion.
You see here a sedimented silvery potion {!q}.
You see here a sedimented silvery potion {!q}.
Found an escape hatch in the ceiling.
Found a stone staircase leading up.
Found a smoky white potion.
You see here a smoky white potion {!q}.
The orc is too close now for your liking.
An orc is nearby!
An orc is nearby!
Found a spear.
Found a scroll of remove curse.
The orc wizard shouts!
You hear a shout!
The orc shouts!
You hear a shout!
Casting: Sandblast (safe; 4% risk of failure)
Confirm with . or Enter, or press ? or * to list all spells.
Aiming: Sandblast (safe; 4% risk of failure)
Press: ? - help, Shift-Dir - straight line, f - orc wizard
Aim: an orc wizard, wielding a dagger and wearing a robe The blast of sand hits the orc wizard.
The orc wizard is moderately wounded.
b - 115 stones
Casting: Sandblast (safe; 4% risk of failure)
Confirm with . or Enter, or press ? or * to list all spells.
Aiming: Sandblast (safe; 4% risk of failure)
Press: ? - help, Shift-Dir - straight line, f/p - orc wizard
Aim: an orc wizard, wielding a dagger and wearing a robe (moderately wounded)
You miscast Sandblast.
You are very lightly contaminated with residual magic.
Nothing appears to happen.
The orc wizard hits you with a dagger.
Casting: Sandblast (safe; 4% risk of failure)
Confirm with . or Enter, or press ? or * to list all spells.
Aiming: Sandblast (safe; 4% risk of failure)
Press: ? - help, Shift-Dir - straight line, f/p - orc wizard
Aim: an orc wizard, wielding a dagger and wearing a robe (moderately wounded)
The blast of sand hits the orc wizard.
The orc wizard is heavily wounded.
b - 114 stones A goblin comes into view.
The orc wizard hits you with a dagger.
Casting: Sandblast (safe; 4% risk of failure)
Confirm with . or Enter, or press ? or * to list all spells.
Aiming: Sandblast (safe; 4% risk of failure)
Press: ? - help, Shift-Dir - straight line, f/p - orc wizard
Aim: an orc wizard, wielding a dagger and wearing a robe (heavily wounded)
The blast of sand misses the orc wizard.
The blast of sand hits the orc.
b - 113 stones The orc wizard barely misses you.
Casting: Sandblast (safe; 4% risk of failure)
Confirm with . or Enter, or press ? or * to list all spells.
Aiming: Sandblast (safe; 4% risk of failure)
Press: ? - help, Shift-Dir - straight line, f/p - orc wizard
Aim: an orc wizard, wielding a dagger and wearing a robe (heavily wounded)
The blast of sand hits the orc wizard.
You kill the orc wizard!
Vehumet accepts your kill.
You have reached level 4!
b - 112 stones The orc priest barely misses you.
The orc barely misses you.
The orc priest calls down the wrath of Beogh upon you.
Beogh smites you!
* * * LOW HITPOINT WARNING * * *
The orc priest invokes the aid of Beogh against you.
Beogh smites you!
You die...

.....#..# #..
.?#.#.. #..
...... ...
)... .. #..#
#)o# #go#
#..# #.@#
#..##.##
#..$...#
###.###..#
#......<.<.
#.######.##
#.# #.# #.#
#.# #.#
#.###########


You could see an orc priest, an orc and a goblin.

Vanquished Creatures
  An orc wizard (D:3)
  An adder (D:2)
  2 dart slugs
  A leopard gecko (D:1)
  An orc (D:3)
  A ball python (D:2)
  A giant cockroach (D:2)
  6 hobgoblins
  4 jackals (D:2)
  7 bats
  5 frilled lizards
  2 goblins
  9 kobolds
  9 rats
50 creatures vanquished.

Notes
Turn   | Place    | Note
-------+----------+-------------------------------------------
     0 | D:1      | Amnesiac the Mummy Earth Elementalist began the quest for the Orb.
     0 | D:1      | Reached XP level 1. HP: 13/13 MP: 4/4
   285 | D:1      | Reached XP level 2. HP: 19/19 MP: 3/5
   312 | D:1      | Learned a level 2 spell: Passwall
   320 | D:2      | Found a radiant altar of Vehumet.
   413 | D:2      | Became a worshipper of Vehumet
  1289 | D:2      | Reached XP level 3. HP: 15/24 MP: 5/7
  1294 | D:2      | Learned a level 3 spell: Stone Arrow
  1481 | D:2      | Found an ornate altar of the Wu Jian Council.
  1622 | D:2      | Reached * piety under Vehumet
  1622 | D:2      | Offered knowledge of Shock by Vehumet.
  1828 | D:2      | Found a basalt altar of Yredelemnul.
  1828 | D:2      | Found a sacrificial altar of Ru.
  2290 | D:3      | Found an iron altar of Okawaru.
  2340 | D:3      | Reached XP level 4. HP: 25/30 MP: 3/9
  2342 | D:3      | Killed from afar by an orc priest

Vault maps used:
D:1:      nagdon_arrival_zigzag_paths
D:2:      fiery_altar_vehumet, gammafunk_temple_overflow_pools,
          nicolae_overflow_hidden_temple
D:3:      overflow_temple_1_default, first_ration, minmay_statues_item

Skill      XL: |  1  2 |
---------------+-------+-----
Spellcasting   | 3 |  3.7
Earth Magic    | 3 |  3.8
Dodging        | |  1.5
Stealth        | |  1.5
Transmutations | |  0.7

Action                   |  1- 3 |  4- 6 || total
-------------------------+-------+-------++-------
Melee: Whip              |    13 |       ||    13
       Unarmed           |     3 |       ||     3
       Spear             |    79 |       ||    79
 Cast: Sandblast         |    32 |     1 ||    33
       Passwall          |     2 |       ||     2
  Use: Scroll            |     5 |       ||     5
 Stab: Sleeping          |     6 |       ||     6
Armor: Robe              |    18 |       ||    18
Dodge: Dodged            |    51 |     2 ||    53

Table legend:
 A = Spawn XP
 B = Non-spawn XP
 C = Spawn XP percentage of total XP
 D = Spawn monster count
 E = Non-spawn monster count
 F = Spawn count percentage of total count
 G = Total turns spent on level
                    A         B        C        D         E        F      G
               +---------+---------+-------+---------+---------+-------+---------
         Total |       0 |     122 |   0.0 |       0 |      50 |   0.0 |  2342
               +---------+---------+-------+---------+---------+-------+---------
           D:1 |       0 |      28 |   0.0 |       0 |      19 |   0.0 |   969
           D:2 |       0 |      47 |   0.0 |       0 |      22 |   0.0 |   971
           D:3 |       0 |      47 |   0.0 |       0 |       9 |   0.0 |   402
               +---------+---------+-------+---------+---------+-------+---------
